BR (22 & UNDER)
PUNTA CANA HUTIAS @ AMITY GARDENS WESTERNERS
08/25/2028
 
TOP OF THE 1ST
Punta Cana Hutias batting - Pitching for Amity Gardens Westerners : RHP Corey Brown
Pitching: RHP Corey Brown
Batting: RHB Argan Kamuliva 0-0: Called Strike
0-1: Swinging Strike
0-2: Ball
1-2: Foul Ball, location: 2F
1-2: Foul Ball, location: 2F
1-2: SINGLE (Line Drive, 56D)
Batting: LHB Dave Watkins 0-0: Ball
1-0: SINGLE (Groundball, 34D)
Argan Kamuliva to second
Runner from 2nd tries for 3rd, SAFE, no throw
Batting: RHB Mike Martínez 0-0: Foul Ball, location: 2F
0-1: Ball
1-1: Ball
2-1: Reached on error, E1 (Groundball, 13)
Argan Kamuliva scores
Dave Watkins to second
Batting: RHB Ricardo Murillo 0-0: Foul Ball, location: 2F
0-1: Ball
1-1: SINGLE (Flyball, 8LS)
Dave Watkins to third
Mike Martínez to second
Batting: RHB Vicente Rosales 0-0: Ball
1-0: Grounds into double play, 4-6-3 (Groundball, 34)
Dave Watkins scores
Mike Martínez to third
Batting: LHB Luis Martínez 0-0: Ball
1-0: DOUBLE (Flyball, 7LM)
Mike Martínez scores
Batting: RHB Marcus Pittman 0-0: Ball
1-0: Ground out 1-3 (Groundball, 13S)
Top of the 1st over - 3 run(s), 4 hit(s), 1 error(s), 1 left on base; Punta Cana 3 - Amity Gardens 0
BOTTOM OF THE 1ST
Amity Gardens Westerners batting - Pitching for Punta Cana Hutias : RHP Jeff McIntosh
Pitching: RHP Jeff McIntosh
Batting: RHB Manny Olhoa 0-0: Ball
1-0: Called Strike
1-1: Ball
2-1: Fly out, F6 (Popup, 6)
Batting: RHB Gustavo Todd 0-0: Called Strike
0-1: Ground out 4-3 (Groundball, 4M)
Batting: SHB Chris Barrett 0-0: Ball
1-0: Called Strike
1-1: Ground out 4-3 (Groundball, 4)
Bottom of the 1st over - 0 run(s), 0 hit(s), 0 error(s), 0 left on base; Punta Cana 3 - Amity Gardens 0
TOP OF THE 2ND
Punta Cana Hutias batting - Pitching for Amity Gardens Westerners : RHP Corey Brown
Batting: SHB Brian Jackson 0-0: Ball
1-0: Foul Ball, location: 2F
1-1: Ball
2-1: Fly out, F3 (Popup, 3L)
Batting: RHB Stephen Welshman 0-0: Ball
1-0: Ground out 1-3 (Groundball, P)
Batting: RHB Argan Kamuliva 0-0: Ball
1-0: Ground out 4-3 (Groundball, 4S)
Top of the 2nd over - 0 run(s), 0 hit(s), 0 error(s), 0 left on base; Punta Cana 3 - Amity Gardens 0
BOTTOM OF THE 2ND
Amity Gardens Westerners batting - Pitching for Punta Cana Hutias : RHP Jeff McIntosh
Batting: RHB Luis López 0-0: Fly out, F8 (Flyball, 8LM)
Batting: RHB Justin Tomlinson 0-0: Ball
1-0: Ball
2-0: Ball
3-0: Called Strike
3-1: Swinging Strike
3-2: Base on Balls
Batting: RHB Tomás Rivera 0-0: Called Strike
0-1: Called Strike
0-2: Foul Ball, location: 2F
0-2: 2-RUN HOME RUN (Flyball, 7D), Distance : 387 ft
Batting: RHB Mel Wells 0-0: Called Strike
0-1: Ball
1-1: Foul Ball, location: 2F
1-2: Strikes out swinging
Batting: RHB Jonathon García 0-0: Called Strike
0-1: Swinging Strike
0-2: DOUBLE (Line Drive, 78M)
Batting: RHB Carlos Dumenigo 0-0: SINGLE (Line Drive, 56D)
Jonathon García to third
Runner from 3rd tries for Home, SAFE, throw made home
Carlos Dumenigo to second
Batting: RHB Manny Olhoa 0-0: Ball
1-0: Called Strike
1-1: DOUBLE (Line Drive, 7LM)
Carlos Dumenigo scores
Batting: RHB Gustavo Todd 0-0: Ball
1-0: Swinging Strike
1-1: Foul Ball, location: 2F
1-2: Strikes out looking
Bottom of the 2nd over - 4 run(s), 4 hit(s), 0 error(s), 1 left on base; Punta Cana 3 - Amity Gardens 4
TOP OF THE 3RD
Punta Cana Hutias batting - Pitching for Amity Gardens Westerners : RHP Corey Brown
Batting: LHB Dave Watkins 0-0: Ball
1-0: Called Strike
1-1: Called Strike
1-2: Foul Ball, location: 2F
1-2: Strikes out looking
Batting: RHB Mike Martínez 0-0: Ball
1-0: Swinging Strike
1-1: Ground out 5-3 (Groundball, 56)
Batting: RHB Ricardo Murillo 0-0: Foul Ball, location: 2F
0-1: Fly out, F8 (Flyball, 8LM)
Top of the 3rd over - 0 run(s), 0 hit(s), 0 error(s), 0 left on base; Punta Cana 3 - Amity Gardens 4
BOTTOM OF THE 3RD
Amity Gardens Westerners batting - Pitching for Punta Cana Hutias : RHP Jeff McIntosh
Batting: SHB Chris Barrett 0-0: Called Strike
0-1: SOLO HOME RUN (Flyball, 78XD), Distance : 426 ft
Batting: RHB Luis López 0-0: Called Strike
0-1: Called Strike
0-2: Ball
1-2: Foul Ball, location: 2F
1-2: Strikes out swinging
Batting: RHB Justin Tomlinson 0-0: Ball
1-0: Ball
2-0: SINGLE (Groundball, 6MD)
Batting: RHB Tomás Rivera 0-0: DOUBLE (Flyball, 8RM)
Justin Tomlinson to third
Batting: RHB Mel Wells 0-0: Fly out, F9 (Line Drive, 9)
Runner from 3rd tags up, SCORES, throw made
Batting: RHB Jonathon García 0-0: Called Strike
0-1: Foul Ball, location: 2F
0-2: Ball
1-2: Fly out, F6 (Popup, 6MD)
Bottom of the 3rd over - 2 run(s), 3 hit(s), 0 error(s), 1 left on base; Punta Cana 3 - Amity Gardens 6
TOP OF THE 4TH
Punta Cana Hutias batting - Pitching for Amity Gardens Westerners : RHP Corey Brown
Batting: RHB Vicente Rosales 0-0: Ball
1-0: Swinging Strike
1-1: Foul Ball, location: 2F
1-2: Strikes out looking
Batting: LHB Luis Martínez 0-0: Ball
1-0: Called Strike
1-1: Foul Ball, location: 2F
1-2: Foul Ball, location: 2F
1-2: Ball
2-2: DOUBLE (Flyball, 7D)
Batting: RHB Marcus Pittman 0-0: Ball
1-0: Ground out 5-3 (Groundball, 56S)
Luis Martínez to third
Batting: SHB Brian Jackson 0-0: Swinging Strike
0-1: Fly out, F9 (Line Drive, 89M)
Top of the 4th over - 0 run(s), 1 hit(s), 0 error(s), 1 left on base; Punta Cana 3 - Amity Gardens 6
BOTTOM OF THE 4TH
Amity Gardens Westerners batting - Pitching for Punta Cana Hutias : RHP Jeff McIntosh
Pitching: RHP Steve Harris
Batting: RHB Carlos Dumenigo 0-0: Ball
1-0: Swinging Strike
1-1: Ball
2-1: Foul Ball, location: 2F
2-2: Strikes out swinging
Batting: RHB Manny Olhoa 0-0: Ball
1-0: Ball
2-0: Ball
3-0: Called Strike
3-1: Foul Ball, location: 2F
3-2: Base on Balls
Batting: RHB Gustavo Todd 0-0: Called Strike
Manny Olhoa steals 2nd base
0-1: Ball
1-1: Ball
Manny Olhoa is caught stealing 3rd base
2-1: Ball
3-1: Ground out 5-3 (Groundball, 56)
Bottom of the 4th over - 0 run(s), 0 hit(s), 0 error(s), 0 left on base; Punta Cana 3 - Amity Gardens 6
TOP OF THE 5TH
Punta Cana Hutias batting - Pitching for Amity Gardens Westerners : RHP Corey Brown
Batting: RHB Stephen Welshman 0-0: Fly out, F2 (Popup, 15S)
Batting: RHB Argan Kamuliva 0-0: Foul Ball, location: 2F
0-1: Ball
1-1: Called Strike
1-2: Strikes out swinging
Batting: LHB Dave Watkins 0-0: Ball
1-0: Called Strike
1-1: Called Strike
1-2: Ball
2-2: Strikes out swinging
Top of the 5th over - 0 run(s), 0 hit(s), 0 error(s), 0 left on base; Punta Cana 3 - Amity Gardens 6
BOTTOM OF THE 5TH
Amity Gardens Westerners batting - Pitching for Punta Cana Hutias : RHP Steve Harris
Batting: SHB Chris Barrett 0-0: Ball
1-0: Ball
2-0: Called Strike
2-1: Ball
3-1: Fly out, F7 (Flyball, 7S)
Batting: RHB Luis López 0-0: Called Strike
0-1: Ball
1-1: Foul Ball, location: 2F
1-2: Ball
2-2: Ball
3-2: Strikes out looking
Batting: RHB Justin Tomlinson 0-0: Fly out, F7 (Line Drive, 78D)
Bottom of the 5th over - 0 run(s), 0 hit(s), 0 error(s), 0 left on base; Punta Cana 3 - Amity Gardens 6
TOP OF THE 6TH
Punta Cana Hutias batting - Pitching for Amity Gardens Westerners : RHP Corey Brown
Batting: RHB Mike Martínez 0-0: Ball
1-0: Ball
2-0: Called Strike
2-1: Ball
3-1: Called Strike
3-2: Foul Ball, location: 2F
3-2: Base on Balls
Batting: RHB Ricardo Murillo 0-0: Swinging Strike
0-1: Foul Ball, location: 2F
0-2: Fly out, F9 (Flyball, 9LS)
Batting: RHB Vicente Rosales 0-0: Foul Ball, location: 2F
0-1: Swinging Strike
0-2: Fielders Choice at 2nd, 5-4 (Groundball, 56)
Batting: LHB Luis Martínez 0-0: Ball
1-0: SINGLE (Groundball, 34S) (infield hit)
Vicente Rosales to second
Batting: RHB Marcus Pittman 0-0: Called Strike
0-1: Called Strike
0-2: Ball
1-2: Ball
2-2: Ball
Wild Pitch!
Vicente Rosales to third
Luis Martínez to second
3-2: Foul Ball, location: 2F
3-2: Fly out, F7 (Flyball, 7)
Top of the 6th over - 0 run(s), 1 hit(s), 0 error(s), 2 left on base; Punta Cana 3 - Amity Gardens 6
BOTTOM OF THE 6TH
Amity Gardens Westerners batting - Pitching for Punta Cana Hutias : RHP Steve Harris
Batting: RHB Tomás Rivera 0-0: Swinging Strike
0-1: Ball
1-1: Called Strike
1-2: Ball
2-2: Strikes out looking
Batting: RHB Mel Wells 0-0: Called Strike
0-1: Ball
1-1: Swinging Strike
1-2: Ball
2-2: Strikes out swinging
Batting: RHB Jonathon García 0-0: Swinging Strike
0-1: Fly out, F9 (Flyball, 9S)
Bottom of the 6th over - 0 run(s), 0 hit(s), 0 error(s), 0 left on base; Punta Cana 3 - Amity Gardens 6
TOP OF THE 7TH
Punta Cana Hutias batting - Pitching for Amity Gardens Westerners : RHP Corey Brown
Pitching: RHP Millard Black
Batting: SHB Brian Jackson 0-0: Ball
1-0: Called Strike
1-1: Ground out 3-1 (Groundball, 34S)
Batting: RHB Stephen Welshman 0-0: Called Strike
0-1: Ball
1-1: Called Strike
1-2: Strikes out swinging
Batting: RHB Argan Kamuliva 0-0: Called Strike
0-1: Ball
1-1: Called Strike
1-2: Ground out 6-3 (Groundball, 6S)
Top of the 7th over - 0 run(s), 0 hit(s), 0 error(s), 0 left on base; Punta Cana 3 - Amity Gardens 6
BOTTOM OF THE 7TH
Amity Gardens Westerners batting - Pitching for Punta Cana Hutias : RHP Steve Harris
Pitching: RHP Ed Castillo
Batting: RHB Carlos Dumenigo 0-0: Foul Ball, location: 2F
0-1: Foul Ball, location: 2F
0-2: Ball
1-2: SINGLE (Groundball, 34D)
Batting: RHB Manny Olhoa 0-0: Hit by Pitch
Carlos Dumenigo to second
Batting: RHB Gustavo Todd 0-0: Sac Bunt - play at first, batter safe!
Carlos Dumenigo to third
Manny Olhoa to second
Batting: SHB Chris Barrett 0-0: Grounds into double play, 4-2-3 (Groundball, 4)
Manny Olhoa to third
Gustavo Todd to second
Batting: RHB Luis López 0-0: Foul Ball, location: 2F
0-1: Called Strike
0-2: Strikes out swinging
Bottom of the 7th over - 0 run(s), 2 hit(s), 0 error(s), 2 left on base; Punta Cana 3 - Amity Gardens 6
TOP OF THE 8TH
Punta Cana Hutias batting - Pitching for Amity Gardens Westerners : RHP Millard Black
Batting: LHB Dave Watkins 0-0: Fly out, F9 (Flyball, 9LS)
Batting: RHB Mike Martínez 0-0: Ball
1-0: Fly out, F7 (Flyball, 7S)
Batting: RHB Ricardo Murillo 0-0: Ball
1-0: Ball
2-0: Ground out 6-3 (Groundball, 6S)
Top of the 8th over - 0 run(s), 0 hit(s), 0 error(s), 0 left on base; Punta Cana 3 - Amity Gardens 6
BOTTOM OF THE 8TH
Amity Gardens Westerners batting - Pitching for Punta Cana Hutias : RHP Ed Castillo
Batting: RHB Justin Tomlinson 0-0: Ball
1-0: Ground out 5-3 (Groundball, 56S)
Batting: RHB Tomás Rivera 0-0: Foul Ball, location: 2F
0-1: Ball
1-1: Ball
2-1: Swinging Strike
2-2: Strikes out swinging
Batting: RHB Mel Wells 0-0: Ball
1-0: Fly out, F9 (Flyball, 9LS)
Bottom of the 8th over - 0 run(s), 0 hit(s), 0 error(s), 0 left on base; Punta Cana 3 - Amity Gardens 6
TOP OF THE 9TH
Punta Cana Hutias batting - Pitching for Amity Gardens Westerners : RHP Millard Black
Pitching: LHP Rodrigo Freitas
Now in LF: Jack Mitchell
Batting: RHB Vicente Rosales 0-0: Called Strike
0-1: Ball
1-1: Ball
2-1: Ball
3-1: Base on Balls
Batting: LHB Luis Martínez 0-0: Ball
1-0: Ball
2-0: Called Strike
2-1: Ball
3-1: Foul Ball, location: 2F
3-2: Strikes out looking
Batting: RHB Marcus Pittman 0-0: Fly out, F7 (Line Drive, 78M)
Batting: SHB Brian Jackson 0-0: Called Strike
0-1: Foul Ball, location: 2F
0-2: Ball
1-2: Ball
2-2: Foul Ball, location: 2F
2-2: Foul Ball, location: 2F
2-2: Ball
3-2: Foul Ball, location: 2F
3-2: Foul Ball, location: 2F
3-2: Foul Ball, location: 2F
3-2: Foul Ball, location: 2F
3-2: Foul Ball, location: 2F
3-2: Base on Balls
Vicente Rosales to second
Pinch Hitting: RHB Edgardo Vásquez 0-0: Ball
1-0: Swinging Strike
1-1: Ball
2-1: Ball
3-1: Swinging Strike
3-2: Strikes out swinging
Top of the 9th over - 0 run(s), 0 hit(s), 0 error(s), 2 left on base; Punta Cana 3 - Amity Gardens 6
Tuesday, August 8th, 2017 - OOTP Baseball 17.12 Build 75